 Dungeon Crawl Stone Soup version 0.27.1-2-g3b301248ec (webtiles) character file.

Game seed: 16173211545013795678

120 Mesmaeker13 the Chucker (level 5, -1/54 HPs)
             Began as an Ogre Hunter on Sept 26, 2021.
             Killed by nerve-wracking pain
             ... invoked by Grinder
              (14 damage)
             ... on level 2 of the Dungeon.
             The game lasted 00:02:56 (1928 turns).

Mesmaeker13 the Chucker (Ogre Hunter)               Turns: 1928, Time: 00:02:56

Health: -1/54      AC:  3    Str: 16    XL:     5   Next: 4%
Magic:  5/5        EV: 10    Int: 13    God:
Gold:   106        SH:  0    Dex:  9    Spells: 4/4 levels left

rFire    . . .     SeeInvis .   h - +1 whip (vamp)
rCold    . . .     Faith    .   (no shield)
rNeg     . . .     Spirit   .   b - +0 robe
rPois    +         Reflect  .   (helmet restricted)
rElec    .         Harm     .   (no cloak)
rCorr    .         Rampage  .   (gloves unavailable)
Will     .....                  (boots unavailable)
Stlth    +.........             j - amulet of regeneration
HPRegen  1.18/turn              f - ring of poison resistance
MPRegen  0.09/turn              (no ring)

@: no status effects
A: large, unfitting armour, tough skin 1
a: no special abilities


You were on level 2 of the Dungeon.
You visited 1 branch of the dungeon, and saw 3 of its levels.

You collected 106 gold pieces.

Inventory:

Hand Weapons
 h - a +1 vampiric whip (weapon)
 t - a +0 flail
Missiles
 l - 23 sling bullets
Armour
 b - a +0 robe (worn)
Jewellery
 f - a ring of poison resistance (left hand)
 j - an amulet of regeneration (around neck)
Scrolls
 g - a scroll of blinking {unknown}
 i - a scroll of teleportation {unknown}
 k - a scroll of fear {unknown}
 n - a scroll of magic mapping {unknown}
 r - a scroll of amnesia {unknown}
 s - 2 scrolls of identify {unknown}
 v - a scroll of noise {unknown}
Potions
 a - a potion of mutation {unknown}
 e - a potion of ambrosia {unknown}
 m - 4 potions of lignification {unknown}
 o - a potion of invisibility {unknown}
 p - a potion of curing {unknown}
 q - a potion of flight {unknown}
 u - 2 potions of berserk rage {unknown}


   Skills:
 + Level 4.1 Fighting
 + Level 1.4 Maces & Flails
 + Level 4.7 Throwing
 + Level 2.8 Dodging
 - Level 0.6 Stealth


You had 4 spell levels left.
You didn't know any spells.
Your spell library contained the following spells:

 Spells                   Type           Power      Damage    Failure   Level
 Conjure Flame            Conj/Fire      0%         6-21      67%         3
 Ignite Poison            Fire/Tmut/Pois 0%         N/A       67%         3
 Sticky Flame             Conj/Fire      0%         2d3       97%         4


Dungeon Overview and Level Annotations

Branches:
Dungeon (3/15)

Altars:

Shops:
D:2 :

Annotations:
D:2 Grinder


Innate Abilities, Weirdness & Mutations

You are too large for most types of armour.
You have tough skin. (AC +1)


Message History

You writhe in agony.
* * * LOW HITPOINT WARNING * * *
Unknown command.
Throw: 4 large rocks
Press: ? - help, Q - select action, (/) - cycle Shift-Dir - straight line, f/p - Grinder
Aim: Grinder (lightly wounded, 55% to hit)
You throw a large rock. The large rock closely misses Grinder.
Grinder hits you but does no damage. Grinder closely misses you.
Unknown command.
Throw: 3 large rocks
Press: ? - help, Q - select action, (/) - cycle Shift-Dir - straight line, f/p - Grinder
Aim: Grinder (lightly wounded, 55% to hit)
You throw a large rock. The large rock barely misses Grinder.
Grinder blinks!
Unknown command.
Throw: 2 large rocks
Press: ? - help, Q - select action, (/) - cycle Shift-Dir - straight line, f/p - Grinder
Aim: Grinder (lightly wounded, 55% to hit)
You throw a large rock. The large rock hits Grinder.
Grinder is lightly wounded.
Unknown command.
Throw: large rock
Press: ? - help, Q - select action, (/) - cycle Shift-Dir - straight line, f/p - Grinder
Aim: Grinder (lightly wounded, 55% to hit)
You throw a large rock. The large rock hits Grinder!
Grinder is heavily wounded.
Unknown command.
Throw: 2 throwing nets
Press: ? - help, Q - select action Shift-Dir - straight line, f/p - Grinder
Aim: Grinder (heavily wounded, 55% to hit)
You throw a throwing net. The throwing net barely misses Grinder.
Grinder hits you!
You writhe in agony.
* * * LOW HITPOINT WARNING * * *
Throw: throwing net
Press: ? - help, Q - select action Shift-Dir - straight line, f/p - Grinder
Aim: Grinder (heavily wounded, 55% to hit)
You throw a throwing net. The throwing net barely misses Grinder.
Grinder gestures at you. Pain shoots through your body!
You die...

#..# #####..≈...≈.# #..#
#.......≈.≈..# #..##
#.###....≈...# #...########.#
####.###.#######
#.#....).....######†..........#
#...####................#####.#
#†### #.........##.###># #.#
..# #.#######.##.###.#####.#
### #.# ##.@.#.##........# #
##.# ###..5(..#.....##..#
#######..###...#.#............#
................(..(#.....#...#
########.###.##...#.##....#...#
# #.###.###(##.###.#.####### #
#........(##.......##..... #
#####...####......##...... #
####...###########.......


You could see Grinder.

Vanquished Creatures
  6 adders
  2 dart slugs
  4 orcs
  2 ball pythons (D:2)
  7 endoplasms
  2 giant cockroaches (D:1)
  5 goblins
  4 hobgoblins
  4 jackals (D:1)
  2 quokkas (D:2)
  4 bats
  2 frilled lizards (D:1)
  5 kobolds
  6 rats
55 creatures vanquished.

Notes
Turn   | Place    | Note
-------+----------+-------------------------------------------
     0 | D:1      | Mesmaeker13 the Ogre Hunter began the quest for the Orb.
     0 | D:1      | Reached XP level 1. HP: 22/22 MP: 1/1
   245 | D:1      | Reached XP level 2. HP: 25/31 MP: 2/2
   633 | D:1      | Reached XP level 3. HP: 37/37 MP: 3/3
  1119 | D:2      | Found a faded altar of an unknown god.
  1241 | D:2      | Reached skill level 1 in Maces & Flails
  1241 | D:2      | Reached XP level 4. HP: 41/48 MP: 4/4
  1315 | D:2      | Found Tibeil's Book Shoppe.
  1834 | D:3      | Noticed Grinder
  1870 | D:3      | Reached XP level 5. HP: 53/54 MP: 5/5
  1928 | D:2      | Killed from afar by Grinder

Illustrated notes

Levels and vault maps discovered:
D:1:      saegor_arrival_simple_c, layout_basic, minmay_misc_feat_hallway,
          minmay_heptomino_w4
D:2:      layout_loops_ring, serial_shops, nicolae_diamond_shop,
          ebering_ecumenical_altar_webs, kennysheep_potato
D:3:      layout_loops_ring, corexii_corridor_pit, uniq_grinder

Skill      XL: |  1  2  3  4 |
---------------+-------------+-----
Dodging        | 2 |  2.8
Fighting       | 3 4 |  4.1
Maces & Flails | 1 |  1.4
Throwing       | |  4.7
Stealth        | |  0.6

Action                   |  1- 3 |  4- 6 || total
-------------------------+-------+-------++-------
Melee: Short sword       |    33 |       ||    33
       Whip              |   112 |   107 ||   219
Throw: Large rock        |     1 |     5 ||     6
       Throwing net      |       |     2 ||     2
 Stab: Sleeping          |     1 |       ||     1
Armor: Robe              |    30 |    25 ||    55
Dodge: Dodged            |    74 |    52 ||   126
